 Dungeon Crawl Stone Soup version 0.28.0-53-g5a82cb258f (webtiles) character file.

Game seed: 6465355942869426059

30776 cbfl8 the Severer (level 13, -10/178 HPs)
             Began as a Minotaur Berserker on Oct 4, 2022.
             Was an Elder of Trog.
             Killed by mirror damage (18 damage)
             ... on level 14 of the Dungeon on Oct 5, 2022.
             The game lasted 00:28:51 (21879 turns).

cbfl8 the Severer (Minotaur Berserker)             Turns: 21879, Time: 00:28:52

Health: -10/178    AC: 16    Str: 21    XL:     13   Next: 22%
Magic:  17/17      EV: 12    Int:  6    God:    Trog [****..]
Gold:   921        SH:  0    Dex: 15    Spells: 12/12 levels left

rFire   x . .      SeeInvis .   b - +11 battleaxe of Infinite Pain {elec, Str+3}
rCold   + . .      Faith    .   (shield currently unavailable)
rNeg    + + +      Spirit   .   c - +0 chain mail
rPois   .          Reflect  .   B - +0 hat of the Hills {rElec rN++ rCorr Int+2}
rElec   +          Harm     .   C - scarf {+Inv}
rCorr   +          Rampage  .   K - +1 pair of gloves {Stlth+}
Will    +....                   h - +0 pair of boots
Stlth   ..........              (no amulet)
HPRegen 0.39/turn               a - ring of flight
MPRegen 0.15/turn               J - ring "Olyvyts" {Ice rN+ Will+ Str-4}

@: berserking, flying, very quick
A: horns 2, retaliatory headbutt
a: Renounce Religion, Evoke Invisibility, Berserk, Trog's Hand, Brothers in Arms


You were on level 14 of the Dungeon.
You worshipped Trog.
Trog was greatly pleased with you.
You visited 1 branch of the dungeon, and saw 14 of its levels.
You also visited: Gauntlet.

You collected 951 gold pieces.
You spent 30 gold pieces at shops.

Inventory:

Hand Weapons
 b - the +11 battleaxe of Infinite Pain (weapon) {elec, Str+3}
   (You acquired it on level 11 of the Dungeon)

   It occasionally discharges a powerful burst of electricity upon striking a
   foe.
   Str:       It affects your strength (+3).
Armour
 c - a +0 chain mail (worn)
 h - a +0 pair of boots (worn)
 B - the +0 hat of the Hills (worn) {rElec rN++ rCorr Int+2}
   (You found it in a Gauntlet)

   Int:       It affects your intelligence (+2).
   rElec:     It insulates you from electricity.
   rN:        It greatly protects you from negative energy.
   rCorr:     It protects you from acid and corrosion.
 C - a scarf of invisibility (worn)
 K - a +1 pair of gloves of stealth (worn)
Jewellery
 a - a ring of flight (left hand)
 D - a ring of willpower
 H - an amulet of the acrobat
 J - the ring "Olyvyts" (right hand) {Ice rN+ Will+ Str-4}
   (You found it in a Gauntlet)

   [ring of ice]

   It enhances your ice magic.
   Str:       It affects your strength (-4).
   rF:        It makes you vulnerable to fire.
   rC:        It protects you from cold.
   rN:        It protects you from negative energy.
   Will:      It increases your willpower.
Wands
 m - a wand of mindburst (5)
 o - a wand of flame (21)
 w - a wand of digging (11)
 z - a wand of paralysis (2) (quivered)
 I - a wand of polymorph (9)
 Q - a wand of iceblast (4)
Scrolls
 f - 3 scrolls of noise
 g - 4 scrolls of teleportation
 i - 2 scrolls of holy word
 n - 2 scrolls of fear
 t - 2 scrolls of blinking
 u - 2 scrolls of enchant armour
 G - a scroll of torment {unknown}
 N - a scroll of identify
 O - a scroll of enchant weapon {unknown}
Potions
 d - a potion of berserk rage {unknown}
 e - 6 potions of curing {unknown}
 j - 5 potions of heal wounds {unknown}
 k - 2 potions of lignification {unknown}
 l - 2 potions of degeneration {unknown}
 p - a potion of cancellation {unknown}
 q - a potion of mutation {unknown}
 r - 3 potions of magic {unknown}
 s - 3 potions of haste {unknown}
 v - 2 potions of ambrosia
 x - a potion of brilliance {unknown}
 A - a potion of attraction {unknown}
 F - 3 potions of might {unknown}
 P - a potion of invisibility {unknown}
Miscellaneous
 y - a phial of floods
 E - a phial of floods
 L - a phantom mirror
 M - a box of beasts


   Skills:
 * Level 12.6 Fighting
 * Level 17.3 Axes
 + Level 11.0 Armour
 * Level 9.0 Dodging
 + Level 1.3 Stealth
 + Level 3.1 Shields
 * Level 7.5 Invocations


You had 12 spell levels left.
You didn't know any spells.
Your spell library was empty.

Dungeon Overview and Level Annotations

Branches:
Dungeon (14/15)            Temple (0/1) D:6            Lair (0/6) D:10
    Orc (0/2) D:10         Vaults (0/5) D:13        Gauntlet (visited)

Altars:
Dithmenos
Elyvilon
Hepliaklqana
Kikubaaqudgha
Okawaru
Ru
Vehumet
Beogh

Shops:
D:1 [   D:2 (?(   D:3 (   D:5 [   D:6 =

Annotations:
D:9 2 transporters, jjjjhere's ghost, legendary GnVM
D:13 3 runed translucent doors, Jingleheimer's ghost, journeyman TrMo
D:14 Frances


Innate Abilities, Weirdness & Mutations

You have a pair of horns on your head.
You reflexively headbutt those who attack you in melee.


Message History

a +2 shortbow of freezing; 18 arrows A cyclops comes into view.
The cyclops shouts!
You hear a shout!
A death knight comes into view. It is wielding a +3 morningstar.
The cyclops throws a large rock.
The large rock hits you!!
The death knight mumbles some strange prayers to Yredelemnul against you.
You easily resist.
The death knight offers itself to Yredelemnul, and fills with unholy energy.
You slice the cyclops!! Lightning courses through the cyclops!!
You kill the cyclops!
Trog accepts your kill.
Your Armour skill increases to level 11!
You see here 2 large rocks.
A cyclops comes into view.
The cyclops shouts!
The death knight hits you with a +3 morningstar!!
A centaur warrior comes into view.
The centaur warrior shouts!
You slash the death knight!
The death knight is lightly wounded.
The death knight reflects your damage back at you!
The death knight hits you with a +3 morningstar!!
* * * LOW HITPOINT WARNING * * *
A red film seems to cover your vision as you go berserk!
You feel yourself moving faster!
You feel mighty!
A manticore comes into view.
The death knight hits you with a +3 morningstar!
* * * LOW HITPOINT WARNING * * *
You hit the death knight but do no damage.
You headbutt the death knight!
The death knight is moderately wounded.
The death knight reflects your damage back at you!
* * * LOW HITPOINT WARNING * * *
The death knight hits you with a +3 morningstar!!
* * * LOW HITPOINT WARNING * * *
You slice the death knight!!
Lightning courses through the death knight!
The death knight is severely wounded.
The death knight reflects your damage back at you!
You die...

....... ##.......
......... .........
#........ ##........
#......C.. #.@p..c...
#(.................
#..................
##..................
##...................
##).#.................
####..###..H.............
#....## #...............
####.# ##.......<.....


You could see a death knight (reflects damage), a centaur warrior, a manticore
and a cyclops.

Vanquished Creatures
  A minotaur (Gauntlet)
  2 boulder beetles
  A death knight (D:10)
  3 centaur warriors
  A hell beast (Gauntlet)
  An ogre mage (D:13)
  3 two-headed ogres
  A tengu warrior (D:10)
  7 skeletal warriors
  A deep troll (shapeshifter) (D:13)
  Pikel (D:5)
  3 deep elf pyromancers
  A manticore (D:12)
  2 orc knights
  2 cyclopes
  A guardian serpent (shapeshifter) (D:13)
  3 unseen horrors
  Maggie (D:8)
  A komodo dragon (D:10)
  A tengu conjurer (D:10)
  A kobold demonologist (D:10)
  3 trolls
  Prince Ribbit (D:6)
  A tyrant leech (Gauntlet)
  A hornet (D:9)
  9 slime creatures
  A raiju (Gauntlet)
  2 meliai zombies
  A shadow (D:12)
  3 wyverns
  15 yaks
  Sigmund (D:2)
  Eustachio (D:4)
  9 wraiths
  A basilisk (D:11)
  Menkaure (D:6)
  3 steam dragons
  2 swamp worms (Gauntlet)
  3 acid dragons
  Edmund (D:4)
  Duvessa (D:5)
  A hell hound (Gauntlet)
  An ice beast (D:6)
  4 orc warriors
  2 sky beasts (D:6)
  2 necrophages
  6 centaurs
  A lemure (D:5)
  Blork the orc (D:5)
  A bullfrog (D:6)
  A gnoll sergeant (D:9)
  2 scorpions
  A water moccasin zombie (D:5)
  Dowan (D:5)
  8 killer bees
  3 howler monkeys
  3 wights (D:7)
  4 centaur zombies
  A jelly (D:7)
  6 orc priests
  A hound (D:5)
  3 centaur skeletons
  4 orc wizards
  Natasha (thrice) (D:4)
  2 iguanas
  2 howler monkey zombies
  16 gnolls
  6 adders
  A white imp (D:7)
  An ufetubus (D:5)
  2 worms (D:2)
  5 dart slugs
  41 orcs
  2 ball pythons
  8 bats
  6 endoplasms
  5 giant cockroaches
  9 goblins
  7 hobgoblins
  6 jackals (D:1)
  10 quokkas
  2 frilled lizards
  10 kobolds
  7 rats
306 creatures vanquished.

Vanquished Creatures (others)
  A vampire (D:11)
  6 bushes (D:10)
  A butterfly (D:10)
  4 fungi (D:14)
  43 plants (D:10)
55 creatures vanquished.

Grand Total: 361 creatures vanquished

Notes
Turn   | Place    | Note
-------+----------+-------------------------------------------
     0 | D:1      | cbfl8 the Minotaur Berserker began the quest for the Orb.
     0 | D:1      | Reached XP level 1. HP: 19/19 MP: 0/0
   211 | D:1      | Reached skill level 4 in Axes
   211 | D:1      | Reached XP level 2. HP: 21/27 MP: 1/1
   407 | D:1      | Found Zofuch's Antique Armour Shoppe.
   485 | D:1      | Reached XP level 3. HP: 33/33 MP: 2/2
   542 | D:1      | Reached ** piety under Trog
   611 | D:1      | Found a faded altar of an unknown god.
   790 | D:2      | Found Pimi Qee's Weapon Emporium.
   958 | D:2      | Found Puolavin's Magic Scroll Shop.
   992 | D:2      | Bought a scroll of teleportation for 30 gold pieces
  1530 | D:2      | Reached skill level 5 in Axes
  1572 | D:2      | Reached XP level 4. HP: 36/41 MP: 3/3
  1705 | D:2      | Noticed Sigmund
  1711 | D:2      | Killed Sigmund
  1712 | D:2      | Reached skill level 1 in Invocations
  1712 | D:2      | Reached XP level 5. HP: 47/47 MP: 4/4
  1715 | D:2      | Reached skill level 6 in Axes
  1888 | D:2      | Found Osch's Antique Weapon Shop.
  2361 | D:3      | Reached XP level 6. HP: 55/55 MP: 5/5
  2606 | D:3      | Reached *** piety under Trog
  2737 | D:3      | Found Kaoklo Delenk's Weapon Emporium.
  3257 | D:4      | Reached skill level 5 in Fighting
  3288 | D:4      | Found a hazy altar of Hepliaklqana.
  3320 | D:4      | Noticed Edmund
  3329 | D:4      | Killed Edmund
  3687 | D:4      | Noticed Eustachio
  3688 | D:4      | Noticed Natasha
  3693 | D:4      | Killed Natasha
  3694 | D:4      | Reached skill level 7 in Axes
  3700 | D:4      | Killed Eustachio
  3701 | D:4      | Reached XP level 7. HP: 61/61 MP: 7/7
  3733 | D:4      | Noticed Natasha
  3738 | D:4      | Killed Natasha
  3843 | D:4      | Noticed Natasha
  3858 | D:4      | Killed Natasha
  4094 | D:4      | Reached skill level 8 in Axes
  4575 | D:5      | Entered Level 5 of the Dungeon
  4674 | D:5      | Found Evvemmun's Armour Shoppe.
  4681 | D:5      | Noticed Pikel
  4689 | D:5      | Killed Pikel
  4690 | D:5      | Reached skill level 9 in Axes
  4690 | D:5      | Reached skill level 5 in Armour
  4690 | D:5      | Reached XP level 8. HP: 57/70 MP: 7/9
  4893 | D:5      | Noticed Blork the orc
  4900 | D:5      | Killed Blork the orc
  5326 | D:5      | Noticed Duvessa
  5326 | D:5      | Noticed Dowan
  5337 | D:5      | Killed Duvessa
  5338 | D:5      | Reached skill level 10 in Axes
  5344 | D:5      | Killed Dowan
  5766 | D:6      | Noticed Prince Ribbit
  5775 | D:6      | Found Rususyaf's Jewellery Shop.
  5777 | D:6      | Killed Prince Ribbit
  5778 | D:6      | Reached XP level 9. HP: 35/79 MP: 10/10
  6005 | D:6      | Found a staircase to the Ecumenical Temple.
  6028 | D:6      | Reached **** piety under Trog
  6118 | D:6      | Noticed Menkaure
  6126 | D:6      | Killed Menkaure
  6526 | D:6      | Found a sacrificial altar of Ru.
  6783 | D:6      | Reached skill level 5 in Dodging
  7294 | D:7      | Reached skill level 11 in Axes
  7405 | D:7      | Found an ancient bone altar of Kikubaaqudgha.
  7983 | D:8      | Noticed Maggie
  7993 | D:8      | Killed Maggie
  8005 | D:8      | Found an iron altar of Okawaru.
  8375 | D:8      | Reached skill level 12 in Axes
  8375 | D:8      | Reached XP level 10. HP: 88/88 MP: 12/12
  8837 | D:9      | Found a transporter.
  8837 | D:9      | Noticed jjjjhere's ghost (legendary GnVM)
  8844 | D:9      | Found a transporter.
  8924 | D:9      | Found a shadowy altar of Dithmenos.
  8980 | D:9      | Paralysed by a hornet for 1 turns
  9996 | D:9      | Reached skill level 5 in Invocations
 10293 | D:10     | Entered Level 10 of the Dungeon
 10293 | D:10     | Noticed a tengu warrior
 10577 | D:10     | Found a radiant altar of Vehumet.
 10637 | D:10     | Reached skill level 13 in Axes
 10645 | D:10     | Killed a tengu warrior
 10757 | D:10     | Noticed a death knight
 10763 | D:10     | Noticed a skeletal warrior
 11431 | D:9      | Reached skill level 1 in Shields
 11664 | D:10     | Reached XP level 11. HP: 92/97 MP: 14/14
 11808 | D:10     | Found a white marble altar of Elyvilon.
 11822 | D:10     | Noticed an orc knight
 11823 | D:10     | Noticed an orc knight
 12052 | D:10     | Killed a death knight
 12382 | D:10     | Killed a skeletal warrior
 12383 | D:10     | Reached skill level 14 in Axes
 12490 | D:11     | Found a gate leading to a gauntlet.
 12508 | Gauntlet | Entered a Gauntlet
 12508 | Gauntlet | Found a runed translucent door.
 12508 | Gauntlet | Found a transporter.
 12508 | Gauntlet | Found a runed translucent door.
 12508 | Gauntlet | Found a runed translucent door.
 12508 | Gauntlet | Found a transporter.
 12692 | Gauntlet | Found a transporter.
 12708 | Gauntlet | Found a transporter.
 12731 | Gauntlet | Found a transporter.
 12731 | Gauntlet | Found a transporter.
 12733 | Gauntlet | Found a transporter.
 12736 | Gauntlet | Found a transporter.
 12736 | Gauntlet | Found a transporter.
 12756 | Gauntlet | Found a transporter.
 12768 | Gauntlet | Noticed a hell beast
 12771 | Gauntlet | Found a transporter.
 12779 | Gauntlet | Noticed a balrug
 12781 | Gauntlet | Found a transporter.
 12795 | Gauntlet | Found a transporter.
 12815 | Gauntlet | Found a transporter.
 12823 | Gauntlet | Found a runed translucent door.
 12954 | Gauntlet | Noticed a dire elephant
 12980 | Gauntlet | Noticed a storm dragon
 12980 | Gauntlet | a dire elephant changed into a storm dragon
 12999 | Gauntlet | Noticed a broodmother
 12999 | Gauntlet | a storm dragon changed into a broodmother
 13003 | Gauntlet | Noticed a harpy
 13003 | Gauntlet | a black bear changed into a harpy
 13006 | Gauntlet | a harpy changed into a blink frog
 13046 | Gauntlet | Noticed a goliath frog
 13048 | Gauntlet | Noticed an anaconda
 13073 | Gauntlet | Noticed a death yak
 13073 | Gauntlet | an anaconda changed into a death yak
 13181 | Gauntlet | Identified the ring "Olyvyts" {Ice rN+ Will+ Str-4}
 13202 | Gauntlet | Noticed a radroach
 13218 | Gauntlet | Reached skill level 10 in Fighting
 13256 | Gauntlet | Noticed a boulder beetle
 13256 | Gauntlet | a tyrant leech changed into a boulder beetle
 13280 | Gauntlet | Noticed a great orb of eyes
 13280 | Gauntlet | a boulder beetle changed into a great orb of eyes
 13295 | Gauntlet | Noticed a broodmother
 13295 | Gauntlet | a great orb of eyes changed into a broodmother
 13329 | Gauntlet | Noticed an ice dragon
 13329 | Gauntlet | a broodmother changed into an ice dragon
 13338 | Gauntlet | Noticed a glowing orange brain
 13338 | Gauntlet | a black mamba changed into a glowing orange brain
 13346 | Gauntlet | an ice dragon changed into a snapping turtle
 13348 | Gauntlet | a glowing orange brain changed into a floating eye
 13367 | Gauntlet | Noticed a goliath frog
 13369 | Gauntlet | a goliath frog changed into a faun
 13410 | Gauntlet | Noticed a glowing orange brain
 13429 | Gauntlet | Killed a hell beast
 13504 | Gauntlet | Noticed a spark wasp
 13556 | Gauntlet | Noticed a storm dragon
 13700 | Gauntlet | Noticed a fenstrider witch
 13737 | Gauntlet | Noticed a quicksilver dragon
 13773 | Gauntlet | Identified the +0 hat of the Hills {rElec rN++ rCorr Int+2}
 13791 | Gauntlet | Noticed a harpy
 13791 | Gauntlet | a human changed into a harpy
 13823 | Gauntlet | Identified the +2 ring mail of Gozag's Approval {*Slow rC+
                  | rN++ Int+3}
 13823 | Gauntlet | Noticed a minotaur
 13895 | Gauntlet | Killed a minotaur
 14195 | D:11     | Noticed a two-headed ogre
 14203 | D:11     | Killed a two-headed ogre
 14204 | D:11     | Reached skill level 1 in Stealth
 15040 | D:10     | Found a staircase to the Orcish Mines.
 15209 | D:11     | Killed an orc knight
 15390 | D:11     | Identified a scroll of acquirement
 15392 | D:11     | Acquired the +11 battleaxe of Infinite Pain {elec, Str+3}
 15669 | D:10     | Found a staircase to the Lair.
 15675 | D:10     | Reached XP level 12. HP: 96/108 MP: 15/15
 15677 | D:10     | Reached skill level 15 in Axes
 16194 | D:11     | Reached skill level 10 in Armour
 17396 | D:12     | Noticed a boulder beetle
 17404 | D:12     | Killed a boulder beetle
 17798 | D:13     | Reached ***** piety under Trog
 17800 | D:13     | Reached skill level 16 in Axes
 17913 | D:13     | Noticed a centaur warrior
 17920 | D:13     | Killed a centaur warrior
 18852 | D:13     | Noticed a centaur warrior
 18859 | D:13     | Killed a centaur warrior
 18912 | D:13     | Noticed a two-headed ogre
 18913 | D:13     | Found a gate to the Vaults.
 18913 | D:13     | Noticed a two-headed ogre
 18913 | D:13     | Noticed an ogre mage
 18917 | D:13     | Killed a two-headed ogre
 18921 | D:13     | Killed a two-headed ogre
 18926 | D:13     | Killed an ogre mage
 19064 | D:13     | Found a runed translucent gate.
 19066 | D:13     | Found a runed translucent gate.
 19096 | D:13     | Reached XP level 13. HP: 37/118 MP: 17/17
 19693 | D:13     | Reached skill level 17 in Axes
 20383 | D:13     | Found a runed translucent gate.
 20383 | D:13     | Noticed Jingleheimer's ghost (journeyman TrMo)
 20645 | D:14     | Noticed Frances
 21878 | D:14     | HP: 8/178 [death knight/+3 morningstar (19)]
 21879 | D:14     | Killed by mirror damage

Illustrated notes

Levels and vault maps discovered:
D:1:      kennysheep_arrival_seaside, layout_rooms,
          shapermc_ecumenical_altar_pompeii, serial_shops, nicolae_square_shop
D:2:      layout_basic, serial_shops, shop, nicolae_square_shop,
          nicolae_square_shop, minmay_tall_x, uniq_sigmund
D:3:      layout_basic, serial_shops, nicolae_diamond_shop
D:4:      layout_gridville, mainiacjoe_overflow_brackets, uniq_eustachio,
          uniq_natasha, uniq_edmund
D:5:      layout_loops_cross, serial_shops, nicolae_shop_hallway_plus,
          uniq_blork_the_orc, uniq_pikel, uniq_duvessa
D:6:      layout_rooms, mainiacjoe_overflow_boulevard,
          minmay_temple_entry_wispy, serial_shops, shop, uniq_menkaure,
          uniq_prince_ribbit1
D:7:      layout_rooms, mainiacjoe_overflow_alcove_1, hangedman_decor_growths
D:8:      minmay_spotlight, layout_rooms, okawaru_metal_pillars_3, uniq_maggie
D:9:      layout_stronghold, mainiacjoe_overflow_24_doors, gammafunk_ghost_hive
D:10:     layout_layer_cave, mainiacjoe_overflow_cross_hatched,
          nicolae_elyvilon_peaceful_grove, david_lair_shrubbed, david_orc_5,
          kennysheep_generic_room_2
D:11:     layout_basic, gauntlet_entry_generic
D:12:     layout_roguey
D:13:     layout_stronghold, david_vaults_2, gammafunk_ghost_spectres
D:14:     layout_layer_cave, enter_trove_2, serial_park_square3
          [serial_park_minivault_5x5_6], uniq_frances

Skill      XL: |  1  2  3  4  5  6  7  8  9 10 11 12 13 |
---------------+----------------------------------------+-----
Axes           | 4 5 6 7 9 10 12 13 14 16 17 | 17.3
Fighting       | 4 5 6 7 8 9 10 12 | 12.6
Armour         | 3 4 5 7 8 9 10 11 | 11.0
Invocations    | 1 2 3 4 5 6 7 |  7.5
Dodging        | 3 4 5 6 8 9 |  9.0
Shields        | 1 3 |  3.1
Stealth        | 1 |  1.3

Action                   |  1- 3 |  4- 6 |  7- 9 | 10-12 | 13-15 || total
-------------------------+-------+-------+-------+-------+-------++-------
Melee: Hand axe          |   100 |   105 |   174 |       |       ||   379
       Headbutt          |    14 |    17 |    54 |    99 |    10 ||   194
       Punch             |     1 |     2 |     1 |     1 |       ||     5
       War axe           |       |       |    73 |   334 |       ||   407
       Battleaxe         |       |       |       |   132 |    41 ||   173
Throw: Throwing net      |       |       |       |     1 |       ||     1
Invok: Berserk           |       |     3 |     6 |    14 |     2 ||    25
Evoke: Wand              |       |       |     4 |     2 |     5 ||    11
  Use: Scroll            |       |       |     1 |    13 |     1 ||    15
 Stab: Held in net/web   |       |       |       |     1 |       ||     1
Armor: Chain mail        |    69 |    49 |   121 |   262 |    14 ||   515
       Animal skin       |     3 |       |       |       |       ||     3
Dodge: Dodged            |    53 |    31 |   116 |   190 |     5 ||   395
Block: Kite shield       |       |       |       |   113 |       ||   113
       Reflection        |       |       |       |     2 |       ||     2
